 Dungeon Crawl Stone Soup version 0.30-a0-329-g85436e0a43 (webtiles) character file.

Game seed: 11735959684779479270

90 MTVSty1e the Chopper (level 4, -23/41 HPs)
             Began as a Minotaur Fighter on Oct 28, 2022.
             Engulfed by a cloud of flame (25 damage)
             ... on level 3 of the Dungeon.
             The game lasted 00:01:53 (1237 turns).

MTVSty1e the Chopper (Minotaur Fighter)             Turns: 1237, Time: 00:01:54

Health: -23/41     AC:  6    Str: 22    XL:     4   Next: 32%
Magic:  3/3        EV:  9    Int:  9    God:
Gold:   114        SH:  4    Dex:  8    Spells: 3/3 levels left

rFire   . . .      SeeInvis .    a - +0 war axe
rCold   + . .      Faith    .    c - +0 buckler
rNeg    . . .      Spirit   .    b - +0 scale mail
rPois   .          Reflect  .    (helmet unavailable)
rElec   .          Harm     .    (no cloak)
rCorr   .          Rampage  .    (no gloves)
Will    .....                    (no boots)
Stlth   ..........               (no amulet)
HPRegen 0.26/turn                (no ring)
MPRegen 0.08/turn                (no ring)

@: silenced
A: horns 3, retaliatory headbutt, clever 1, cold resistance 1
a: no special abilities


You were on level 3 of the Dungeon.
You visited 1 branch of the dungeon, and saw 3 of its levels.

You collected 114 gold pieces.

Inventory:

Hand Weapons
 a - a +0 war axe (weapon)
Armour
 b - a +0 scale mail (worn)
 c - a +0 buckler (worn)
Scrolls
 h - a scroll of immolation
 n - 2 scrolls of magic mapping {unknown}
 o - a scroll of brand weapon {unknown}
 p - a scroll of poison {unknown}
Potions
 d - a potion of might
 e - a potion of berserk rage
 f - a potion of invisibility {unknown}
 j - a potion of curing
 k - a potion of mutation
 l - a potion of brilliance {unknown}


   Skills:
 + Level 4.6 Fighting
 * Level 4.8 Axes
 - Level 3.6 Armour
 - Level 3.6 Shields


You had 3 spell levels left.
You didn't know any spells.
Your spell library contained the following spells:

 Spells                   Type           Power      Damage    Failure   Level
 Magic Dart               Conj           0%         1d3       80%         1
 Call Imp                 Summ           0%         N/A       91%         2
 Static Discharge         Conj/Air       0%         2-2/arc   91%         2
 Mephitic Cloud           Conj/Pois/Air  0%         N/A       99%         3
 Vhi's Electric Charge    Tloc/Air       0%         N/A       99%         3
 Arcjolt                  Conj/Air       0%         1d10      100%        5
 Lightning Bolt           Conj/Air       0%         1d11      100%        5


Dungeon Overview and Level Annotations

Branches:
Dungeon (3/15)

Altars:


Innate Abilities, Weirdness & Mutations

You have a pair of large horns on your head.
You reflexively headbutt those who attack you in melee.
Your mind is acute. (Int +4, Str/Dex -1)
Your flesh is cold resistant. (rC+)


Message History

The rat bites you. Something hits your butterfly.
Your butterfly dies!
Your butterfly disappears in a burst of colours!
You barely miss the rat. You headbutt the rat.
You kill the rat!
Something hits your butterfly.
Your butterfly dies!
Your butterfly disappears in a burst of colours!
You swap places.
The adder bites you. The adder bites you but does no damage.
You closely miss the adder. You headbutt the adder!
You kill the adder!
No target in view!
No target in view!
No target in view!
No target in view!
No target in view!
No target in view!
No target in view!
No target in view!
No target in view!
No target in view!
No target in view!
Magic scrolls do not work when you're silenced!
A hobgoblin is nearby!
You swap places.
The hobgoblin hits your butterfly.
Your butterfly dies!
Your butterfly disappears in a burst of colours!
You swap places.
The hobgoblin hits you but does no damage.
You slash the hobgoblin!
The hobgoblin explodes!
The fiery explosion engulfs your butterfly!!!
You kill your butterfly!
Your butterfly disappears in a burst of colours!
The fiery explosion engulfs you!!!
Ouch! That really hurt!
* * * LOW HITPOINT WARNING * * *
You feel a bit more experienced.
You are engulfed in blazing flames.
Ouch! That really hurt!
You die... ... #####.)# ####...bbb## #....b.b...# ###>b.b.bbbb # ....bbbbbb#

..#
#bbb.bb#b<..#
#§§@..b..bb.#
###§§#####b...#
#..§§.bb....#.#
#.#b#######. ..
#.. #.. b..# +.
...b. # .....##
......#


There were no monsters in sight!

Vanquished Creatures
  3 adders
  3 dart slugs
  8 ball pythons
  2 bats
  5 endoplasms
  2 giant cockroaches (D:1)
  9 goblins
  2 hobgoblins
  6 jackals (D:2)
  7 kobolds
  A quokka (D:2)
  2 frilled lizards
  5 rats
55 creatures vanquished.

Notes
Turn   | Place    | Note
-------+----------+-------------------------------------------
     0 | D:1      | MTVSty1e the Minotaur Fighter began the quest for the Orb.
     0 | D:1      | Reached XP level 1. HP: 19/19 MP: 0/0
   144 | D:1      | Reached XP level 2. HP: 27/27 MP: 1/1
   510 | D:2      | Reached XP level 3. HP: 33/33 MP: 2/2
   569 | D:2      | Gained mutation: Your mind is acute. (Int +4, Str/Dex -1)
                  | [potion of mutation]
   569 | D:2      | Gained mutation: Your flesh is cold resistant. (rC+)
                  | [potion of mutation]
   569 | D:2      | Gained mutation: You have a pair of large horns on your
                  | head. [potion of mutation]
   944 | D:2      | Reached XP level 4. HP: 39/41 MP: 3/3
  1237 | D:3      | HP: 2/41 [spore (39)]
  1237 | D:3      | Engulfed by a cloud of flame

Illustrated notes

Levels and vault maps discovered:
D:1:      lemuel_arrival_tunnels, layout_basic, nicolae_kite_square_tiling_tiny
D:2:      layout_basic
D:3:      layout_basic, chequers_ecumenical_altar_simple_redux,
          serial_corexii_hall, corexii_hall_statues_s, corexii_hall_statues_l,
          portal_sewer_entry_c

Skill      XL: |  1  2  3 |
---------------+----------+-----
Axes           | 3 4 |  4.8
Fighting       | 4 |  4.6
Armour         | |  3.6
Shields        | |  3.6

Action                   |  1- 3 |  4- 6 || total
-------------------------+-------+-------++-------
Melee: War axe           |    85 |    12 ||    97
       Headbutt          |    11 |     3 ||    14
  Use: Potion            |     2 |       ||     2
       Scroll            |       |     4 ||     4
Armor: Scale mail        |    45 |     6 ||    51
Dodge: Dodged            |    47 |     3 ||    50
Block: Buckler           |    20 |       ||    20

Table legend: (Time is in decaauts)
 A = Elapsed time spent in this place.
 B = Non-inter-level travel time spent in this place.
 C = Inter-level travel time spent in this place.
 D = Time resting spent in this place.
 E = Time spent auto-exploring this place.
 F = Levels seen in this place.
 G = Mean time per level.
                   A        B        C        D        E       F      G
               +--------+--------+--------+--------+--------+-----+--------+
         Total |   1269 |   1200 |     69 |    193 |    740 |   3 |  423.0 |
       Dungeon |   1269 |   1200 |     69 |    193 |    740 |   3 |  423.0 |
               +--------+--------+--------+--------+--------+-----+--------+

Top non-repeatable levels by time:
     D:2: 728 daAuts
     D:1: 521 daAuts
     D:3: 19 daAuts
